Map: Lightshade LE

Players

milkicow

  • Race: Terran Terran
  • League: Grandmaster
  • Spawn Location: 5:00

GOStephano (Stephano) - Winner!

  • Race: Zerg Zerg
  • League: Grandmaster
  • Spawn Location: 11:00

Event: DreamHack SC2 Masters 2020 Winter

VOD

Have the link to the VOD?

Description

Time

  • Played on: Oct. 23, 2020, 2:11 p.m.
  • Length: 8:12

All games in this series

Show
View Real Time Build Order
Export as new Build Order

milkicow Terran 

Build Orders: Reaper Expand, Banshee Rush 

Get SALT Encoding   

  12  0:00  SCV  
  13  0:12  SCV  
  14  0:17  Supply Depot  
  14  0:24  SCV  
  15  0:39  SCV  
  15  0:42  Barracks  
  16  0:44  Refinery  
  16  0:51  SCV  
  17  1:03  SCV  
  18  1:15  SCV  
  19  1:29  Orbital Command, Reaper  
  20  1:40  Command Center  
  20  1:48  Supply Depot  
  20  1:54  SCV  
  21  2:01  Marine  
  21  2:06  SCV  
  23  2:09  Factory  
  23  2:15  Refinery  
  23  2:18  SCV  
  23  2:21  Barracks Reactor  
  24  2:30  SCV  
  25  2:42  SCV  
  26  2:53  Orbital Command  
  26  2:54  Starport, SCV  
  26  3:05  Barracks Tech Lab  
  26  3:07  SCV, Hellion x2  
  31  3:19  SCV  
  32  3:21  SCV  
  33  3:28  Hellion x2  
  33  3:31  SCV  
  39  3:34  SCV  
  39  3:38  Cloaking Field  
  39  3:40  Supply Depot, Banshee  
  42  3:43  SCV  
  42  3:46  SCV  
  44  3:50  Barracks Tech Lab  
  44  3:53  Hellion  
  44  3:55  SCV  
  46  4:01  SCV  
  47  4:07  SCV  
  44  4:10  Marine, Stimpack  
  44  4:13  SCV  
  46  4:19  SCV  
  47  4:24  Command Center  
  47  4:25  SCV, Banshee  
  47  4:26  Factory Reactor  
  51  4:31  Marine  
  51  4:35  Supply Depot  
  51  4:37  SCV  
  53  4:39  SCV  
  53  4:44  Barracks  
  54  4:47  Barracks  
  54  4:56  Marine, SCV x2  
  55  5:08  Supply Depot, SCV x2  
  55  5:14  Marine  
  55  5:20  SCV x2  
  54  5:23  Siege Tank  
  54  5:25  Starport Reactor  
  57  5:31  Marine  
  57  5:32  SCV, Engineering Bay  
  57  5:33  SCV  
  57  5:34  Refinery  
  60  5:37  Marine, Engineering Bay  
  60  5:38  Marine  
  60  5:41  Orbital Command  
  62  5:42  Marine  
  62  5:43  Marine  
  62  5:49  Marine  
  65  5:51  SCV  
  65  5:54  Marine  
  65  5:56  Marine, SCV  
  69  6:00  Marine  
  69  6:02  Refinery  
  69  6:03  SCV, Orbital Command, Terran Infantry Weapons Level 1  
  69  6:04  Terran Infantry Armor Level 1  
  71  6:05  Marine  
  71  6:10  SCV  
  73  6:12  Marine  
  73  6:14  Siege Tank  
  73  6:15  Medivac  
  73  6:17  Marine  
  73  6:18  Marine x2  
  78  6:23  Marine  
  81  6:25  SCV  
  81  6:29  Marine  
  82  6:33  SCV  
  82  6:35  Marine x2  
  82  6:36  SCV  
  82  6:37  Combat Shield  
  82  6:38  Marine  
  84  6:40  Barracks x2  
  84  6:41  Supply Depot  
  84  6:43  Supply Depot  
  84  6:44  Supply Depot  
  84  6:48  Medivac, SCV  
  84  6:50  Siege Tank  
  84  6:51  SCV  
  84  6:54  Marine  
  91  6:55  SCV  
  93  7:02  Marine, Supply Depot x2  
  93  7:04  SCV  
  93  7:05  Marine  
  93  7:06  SCV  
  97  7:10  Armory, Marine  
  97  7:12  SCV  
  97  7:13  Marine  
  98  7:16  Marine  
  98  7:19  SCV  
  98  7:20  Marine, SCV  
  98  7:25  Bunker  
  98  7:26  SCV  
  98  7:27  Bunker  
  97  7:30  Marine  
  97  7:31  Marine, SCV  
  97  7:34  Marine x2  
  102  7:37  SCV  
  102  7:42  SCV  
  104  7:44  Marine  
  104  7:49  Supply Depot  
  108  7:52  Marine  
  108  7:53  Marine  
  108  7:54  Marine  
Show
View Real Time Build Order
Export as new Build Order

GOStephano Zerg - Winner!

Build Orders: Hatch First 

Get SALT Encoding   

  12  0:00  Drone  
  13  0:12  Overlord  
  13  0:17  Drone  
  14  0:30  Drone x2  
  16  0:47  Hatchery  
  15  0:51  Drone  
  15  0:55  Drone  
  17  0:57  Drone  
  18  1:09  Extractor  
  17  1:13  Spawning Pool  
  17  1:16  Drone  
  17  1:19  Drone  
  18  1:28  Drone  
  19  1:38  Drone  
  20  1:49  Drone  
  21  2:00  Queen x2  
  21  2:01  Zergling x4  
  27  2:10  Drone  
  27  2:11  Overlord  
  28  2:20  Metabolic Boost  
  29  2:30  Drone x2  
  29  2:32  Drone  
  29  2:34  Drone  
  29  2:35  Queen  
  33  2:44  Overlord  
  33  2:51  Hatchery  
  32  2:59  Drone x3  
  35  3:07  Drone x2  
  35  3:09  Drone x2  
  35  3:10  Drone  
  40  3:19  Queen  
  42  3:21  Drone x2  
  44  3:27  Overlord  
  44  3:47  Queen, Zergling x6  
  49  3:49  Drone x2  
  49  3:50  Drone  
  49  3:55  Evolution Chamber  
  51  4:00  Drone x2  
  52  4:08  Drone x5  
  55  4:11  Lair  
  55  4:15  Drone x2  
  57  4:19  Spore Crawler  
  57  4:20  Drone, Spore Crawler  
  57  4:22  Spore Crawler  
  57  4:23  Queen  
  57  4:29  Extractor  
  57  4:31  Extractor  
  55  4:32  Evolution Chamber x2  
  55  4:34  Roach Warren  
  55  4:35  Zergling x4  
  54  4:39  Zergling x4  
  54  4:42  Drone x2  
  58  4:50  Overlord x2  
  57  5:06  Overlord  
  57  5:08  Zerg Ground Armor Level 1, Zerg Missile Weapons Level 1  
  57  5:11  Drone x7  
  57  5:14  Drone x2  
  62  5:16  Drone  
  62  5:17  Drone  
  62  5:21  Drone x2  
  66  5:25  Drone x3  
  69  5:31  Drone x3  
  69  5:33  Overseer  
  69  5:35  Glial Reconstitution  
  72  5:40  Drone x3  
  72  5:41  Drone, Extractor x2  
  72  5:57  Overlord x2  
  72  5:58  Drone x2  
  72  6:00  Drone  
  72  6:01  Drone x3, Overlord  
  72  6:02  Overlord  
  78  6:18  Overlord  
  76  6:20  Overlord  
  76  6:22  Overlord  
  76  6:23  Spore Crawler  
  75  6:26  Spore Crawler  
  75  6:28  Spore Crawler  
  75  6:29  Overlord  
  75  6:31  Overlord  
  73  6:37  Roach x12  
  100  6:45  Roach  
  102  6:50  Hatchery  
  101  6:55  Roach x8  
  101  6:56  Roach  
  119  7:05  Overlord x3  
  125  7:15  Roach x5  
  125  7:24  Roach x7  
  125  7:27  Ravager  
  125  7:28  Ravager x2  
  142  7:34  Zergling x6  
  147  7:37  Ravager x2  
  147  7:42  Roach x3  
  153  7:46  Roach x2  
Tags
 
Add a new tag
Caveats
  • Supply blocks, unpowered buildings, or Contaminate may cause inaccurate times.
  • Supply counts are checked every 10 seconds.